 Dungeon Crawl Stone Soup version 0.18.1-48-g4cf74bf (webtiles) character file.

792 tyranidshit the Skirmisher (level 7, -8/73 HPs)
             Began as a Deep Dwarf Necromancer on July 19, 2016.
             Was an Initiate of Makhleb.
             Mangled by an orc warrior
             ... wielding a +0 scimitar
              (12 damage)
             ... on level 6 of the Dungeon.
             The game lasted 00:14:31 (3624 turns).

tyranidshit the Skirmisher (Deep Dwarf Necromancer) Turns: 3624, Time: 00:14:31

Health: -8/73      AC:  7    Str: 12 (13) XL:     7   Next: 57%
Magic:  8/8        EV:  7    Int: 14 (16) God:    Makhleb [......]
Gold:   257        SH:  6    Dex: 11 (13) Spells: 1 memorised, 8 levels left

rFire  . . .     SeeInvis .     r - +0 war axe
rCold  . . .     Gourm    .     s - +0 ring mail
rNeg   . . .     Faith    .     m - +0 shield
rPois  .         Spirit   .     (no helmet)
rElec  .         Dismiss  .     (no cloak)
rCorr  .         Reflect  .     (no gloves)
SustAt .         Harm     .     t - +1 pair of boots
MR     +....                    (no amulet)
Stlth  +.........               (no ring)
                                (no ring)

@: non-regenerating, somewhat resistant to hostile enchantments, very unstealthy
A: damage resistance, recharge devices, sense surroundings 1, slow regeneration
3
a: Device Recharging, Renounce Religion


You were on level 6 of the Dungeon.
You worshipped Makhleb.
Makhleb was noncommittal.
You were hungry.

You visited 1 branch of the dungeon, and saw 6 of its levels.

You collected 257 gold pieces.

Inventory:

Hand Weapons
 e - a +2 dagger of protection
 r - a +0 war axe (weapon)
Armour
 m - a +0 shield (worn)
 s - a +0 ring mail (worn)
 t - a +1 pair of boots (worn)
Wands
 c - a wand of heal wounds (0/9)
 f - a wand of random effects (23/48)
Scrolls
 a - 3 scrolls of teleportation
 g - 4 scrolls of identify
 l - a scroll of random uselessness
 u - a scroll of fog
 w - 2 scrolls of remove curse
Potions
 d - a potion of invisibility
 h - 2 potions of ambrosia
 k - 3 potions of curing
Books
 b - a book of Necromancy

   Spells                             Type                      Level
   a - Pain                           Necromancy                   1
   b - Animate Skeleton               Necromancy                   1
   c - Vampiric Draining              Necromancy                   3
   d - Regeneration                   Charms/Necromancy            3
   e - Animate Dead                   Necromancy                   4
   f - Control Undead                 Necromancy                   4
Comestibles
 i - 7 fruits
 n - 3 bread rations
 p - 2 beef jerkies
 q - 2 meat rations
 x - a slice of pizza


   Skills:
 + Level 7.7 Fighting
 - Level 2.1 Dodging
 - Level 2.4 Stealth
 - Level 1.7 Spellcasting
 - Level 4.3 Necromancy


You had 8 spell levels left.
You knew the following spells:

 Your Spells              Type           Power        Failure   Level  Hunger
a - Pain                  Necr           ##..         75%         1    ##.....


Dungeon Overview and Level Annotations

Branches:
Dungeon (6/15)
 Temple: D:4-7

Altars:
Ashenzari
Dithmenos
Makhleb
Pakellas
Vehumet
Zin

Annotations:
D:4 Typee's ghost, amateur OpCj
D:6 exclusion: statue


Innate Abilities, Weirdness & Mutations

You are resistant to damage.
You can recharge devices by infusing magical energy.
You passively map a small area around you.
You do not regenerate naturally.


Message History

You barely miss the orc warrior.
The orc warrior is lightly wounded.
The orc warrior hits you with a scimitar!
* * * LOW HITPOINT WARNING * * *
The orc priest calls upon Beogh to heal the orc warrior.
The orc warrior's wounds heal themselves!
You closely miss the orc priest.
The orc priest is almost dead.
Your shield prevents you from hitting the orc warrior.
You block the orc warrior's attack. You block the orc priest's attack.
Unknown command.
You slash the orc priest!
You kill the orc priest!
Makhleb accepts your kill.
You closely miss the orc warrior.
The orc warrior hits you with a scimitar!
* * * LOW HITPOINT WARNING * * *
Unknown command.
The orc warrior hits you with a scimitar!
You die...

* , * ,...., * *
##### , , ... * * *
##.... , * ... * , ,
##..###### , .. ,
.........# *#. * 8
.###'###)# #.## , * ,
* .# #.# #.#
#..#####.#
.###.###.##
*#@#.....#* *
.+.._###..# #o..# * ,
.###.###..# #..###*
.# #.# #..# ##....# 8
.###'###..#####..##.#
** *
.............##.## .#
.......#####....# #
*, * .......#
#...[### *
.......###.##.# , *


You could see an orc warrior.

Vanquished Creatures
  A sky beast (D:3)
  A necrophage (D:6)
  An ogre (D:4)
  The ghost of Typee the Sneak, an amateur OpCj (D:3)
  A giant frog (D:3)
  A scorpion (D:5)
  A crimson imp (D:5)
  An orc priest (D:6)
  An orc wizard (D:6)
  Jessica (D:3)
  A worker ant (D:4)
  A worker ant zombie (D:6)
  3 gnolls (D:6)
  8 adders
  An adder zombie (D:5)
  3 worms
  2 dart slugs
  4 giant geckos
  4 orcs
  3 ball pythons
  A giant cockroach (D:3)
  3 goblins (D:1)
  10 hobgoblins
  9 jackals
  8 kobolds
  6 bats
  A giant cockroach zombie (D:5)
  9 rats
87 creatures vanquished.

Notes
Turn   | Place    | Note
--------------------------------------------------------------
     0 | D:1      | tyranidshit the Deep Dwarf Necromancer began the quest for the Orb.
     0 | D:1      | Reached XP level 1. HP: 15/15 MP: 3/3
   120 | D:1      | Reached skill level 1 in Fighting
   260 | D:1      | Reached XP level 2. HP: 12/25 MP: 4/4
   428 | D:1      | Reached skill level 2 in Fighting
   714 | D:2      | Reached XP level 3. HP: 24/33 MP: 2/5
  1056 | D:2      | Reached skill level 3 in Fighting
  1455 | D:3      | Reached XP level 4. HP: 41/42 MP: 6/6
  1547 | D:3      | Noticed a giant frog
  1575 | D:3      | Killed a giant frog
  1575 | D:3      | Reached skill level 4 in Fighting
  1575 | D:3      | Reached XP level 5. HP: 22/51 MP: 7/7
  1705 | D:3      | Noticed a sky beast
  1727 | D:3      | Killed a sky beast
  1727 | D:3      | Reached skill level 5 in Fighting
  1884 | D:3      | Noticed Typee's ghost (amateur OpCj)
  2167 | D:3      | Noticed Jessica
  2190 | D:3      | Killed Jessica
  2190 | D:3      | Reached XP level 6. HP: 12/61 MP: 8/8
  2436 | D:4      | Reached skill level 6 in Fighting
  2522 | D:4      | Found a glowing silver altar of Zin.
  2585 | D:4      | Noticed Typee's ghost (amateur OpCj)
  2641 | D:3      | Killed Typee's ghost
  2832 | D:5      | Entered Level 5 of the Dungeon
  2832 | D:5      | Found a burning altar of Makhleb.
  2853 | D:5      | Became a worshipper of Makhleb the Destroyer
  3004 | D:5      | Found an oddly glowing altar of Pakellas.
  3078 | D:5      | Reached XP level 7. HP: 28/70 MP: 9/9
  3190 | D:5      | Found a shadowy altar of Dithmenos.
  3312 | D:6      | Reached skill level 7 in Fighting
  3441 | D:6      | Found a radiant altar of Vehumet.
  3550 | D:6      | Found a shattered altar of Ashenzari.
  3616 | D:6      | HP: 2/72 [orc priest/divine providence (10)]
  3624 | D:6      | Mangled by an orc warrior

Skill      XL: |  1  2  3  4  5  6  7 |
---------------+----------------------+-----
Fighting       | 1 2 3 4 5 6 7 |  7.7
Dodging        | |  2.1
Stealth        | |  2.4
Spellcasting   | |  1.7
Necromancy     | |  4.3

Action                   |  1- 3 |  4- 6 |  7- 9 || total
-------------------------+-------+-------+-------++-------
Melee: Dagger            |   106 |       |       ||   106
       Unarmed           |     3 |       |       ||     3
       War axe           |    12 |   259 |    95 ||   366
 Cast: Pain              |    38 |       |       ||    38
 Abil: Device Recharging |       |       |     1 ||     1
Evoke: Wand              |     1 |    13 |     7 ||    21
  Use: Scroll            |     6 |     5 |     2 ||    13
       Potion            |     4 |     5 |     1 ||    10
 Stab: Sleeping          |     3 |     2 |       ||     5
  Eat: Bread ration      |     1 |       |       ||     1
       Meat ration       |       |     1 |       ||     1
       Pizza             |       |     1 |       ||     1
       Fruit             |       |       |     1 ||     1
Armor: Robe              |    13 |       |       ||    13
       Leather armour    |    39 |     4 |       ||    43
       Skin              |     1 |       |       ||     1
       Ring mail         |       |   129 |    63 ||   192
Dodge: Dodged            |   100 |   222 |    56 ||   378
Block: Buckler           |       |     3 |    10 ||    13
       Shield            |       |       |    29 ||    29
